 Dungeon Crawl Stone Soup version 0.26-a0-639-g72c4674329 (webtiles) character file.

Game seed: 7510233867221402377

42 PentaManta the Chopper (level 3, -3/29 HPs)
             Began as a Formicid Abyssal Knight on Sept 19, 2020.
             Was a Follower of Lugonu.
             Slain by a gnoll
             ... wielding a +0 spear
              (4 damage)
             ... on level 2 of the Dungeon.
             The game lasted 00:03:10 (1527 turns).

PentaManta the Chopper (Formicid Abyssal Knight)    Turns: 1527, Time: 00:03:11

Health: -3/29      AC:  5    Str: 23    XL:     3   Next: 77%
Magic:  4/4        EV: 11    Int: 11    God:    Lugonu [*.....]
Gold:   114        SH:  0    Dex: 10    Spells: 2/2 levels left

rFire    . . .     SeeInvis +   p - +0 dagger (holy)
rCold    . . .     Faith    .   (no shield)
rNeg     . . .     Spirit   .   f - +0 ring mail
rPois    .         Reflect  .   (helmet unavailable)
rElec    .         Harm     .   (no cloak)
rCorr    .         Rampage  .   (no gloves)
MR       .....                  (no boots)
Stlth    ..........             (no amulet)
HPRegen  0.09/turn              d - +6 ring of strength
MPRegen  0.09/turn              (no ring)

@: no status effects
A: permanent stasis, dig shafts and tunnels, four strong arms, antennae 3
a: Dig, Shaft Self, Depart the Abyss, Renounce Religion


You were on level 2 of the Dungeon.
You worshipped Lugonu.
Lugonu was aware of your devotion.
You visited 1 branch of the dungeon, and saw 2 of its levels.
You visited the Abyss 1 time.

You collected 114 gold pieces.

Inventory:

Hand Weapons
 a - a +1 hand axe
 p - a +0 dagger of holy wrath (weapon)
Missiles
 i - 87 stones (quivered)
 l - 9 javelins
 q - 17 poisoned darts
Armour
 b - a +0 leather armour
 e - a +0 plate armour
 f - a +0 ring mail (worn)
Jewellery
 d - a +6 ring of strength (left hand)
Scrolls
 h - a scroll of teleportation {unknown}
 j - a scroll of enchant weapon {unknown}
 k - 2 scrolls of identify
 m - a scroll of blinking {unknown}
 n - a scroll of noise {unknown}
Potions
 c - a potion of resistance
 g - a potion of lignification {unknown}
 o - a potion of might {unknown}


   Skills:
 - Level 3.2 Fighting
 + Level 3.8 Axes
 - Level 2.1 Armour
 - Level 0.8 Dodging
 - Level 2.1 Invocations


You had 2 spell levels left.
You didn't know any spells.
Your spell library was empty.

Dungeon Overview and Level Annotations

Branches:
Dungeon (2/15)

Altars:


Innate Abilities, Weirdness & Mutations

You cannot be hasted, slowed, berserked, paralysed or teleported.
You can dig through walls and to a lower floor.
Your four strong arms can wield two-handed weapons with a shield.
You have a pair of large antennae on your head. (SInv)


Message History

You hit the gnoll.
The gnoll is severely wounded.
The gnoll hits you but does no damage.
You closely miss the gnoll.
The gnoll is severely wounded.
The gnoll hits you but does no damage.
You hit the gnoll but do no damage.
The gnoll is severely wounded.
The gnoll hits you with a +0 spear!
You hit the gnoll.
The gnoll is almost dead.
The gnoll misses you.
You barely miss the gnoll.
The gnoll is almost dead.
The gnoll hits you with a +0 spear!
* * * LOW HITPOINT WARNING * * *
You closely miss the gnoll.
The gnoll is almost dead.
The gnoll hits you with a +0 spear.
You die...

....... .....
###..##.##.#..###
....#...........
#..#..##.#....
##..#..#.....# .. #
#.........#..###.
...#.#...#............
#....#.#.#...#........###.
#..........[....@.........
.....#.#.#.......g.#..###.
.............##.##.# .#
#.................... ..
##.......#...##.##.#..###
......................#
##......................{
.....†...........<......
##.#.)...#...##.##.#


You could see a gnoll.

Vanquished Creatures
  An ooze (D:1)
  2 dart slugs
  A leopard gecko (D:1)
  2 giant cockroaches (D:1)
  A hobgoblin (D:1)
  7 kobolds (D:1)
  A quokka (D:2)
  6 bats
  3 frilled lizards (D:1)
  5 goblins
  2 rats (D:1)
31 creatures vanquished.

Notes
Turn   | Place    | Note
-------+----------+-------------------------------------------
     0 | Abyss:1  | PentaManta the Formicid Abyssal Knight began the quest for
                  | the Orb.
     0 | Abyss:1  | Reached XP level 1. HP: 18/18 MP: 2/2
    52 | Abyss:1  | Noticed a wraith
    57 | Abyss:1  | Noticed a tentacled starspawn
    76 | D:1      | Escaped the Abyss
   555 | D:1      | Reached XP level 2. HP: 24/24 MP: 3/3
   717 | D:1      | Reached XP level 3. HP: 29/29 MP: 4/4
   734 | D:1      | Reached * piety under Lugonu
  1526 | D:2      | HP: 1/29 [gnoll/+0 spear (8)]
  1527 | D:2      | Slain by a gnoll

Illustrated notes

Levels and vault maps discovered:
D:1:      scummos_arrival_simple_crosswalls, layout_loops_ring,
          chequers_serial_rivers_room_b
D:2:      layout_basic, ashenzari_altar_1, lemuel_round_altar

Skill      XL: |  1  2 |
---------------+-------+-----
Axes           | 3 |  3.8
Fighting       | |  3.2
Armour         | |  2.1
Dodging        | |  0.8
Invocations    | |  2.1

Action                   || total
-------------------------++-------
Melee: Hand axe          ||    51
       Dagger            ||    80
Invok: Depart the Abyss  ||     1
  Use: Scroll            ||     2
Armor: Ring mail         ||    56
Dodge: Dodged            ||    97

Table legend: (Time is in decaauts)
 A = Elapsed time spent in this place.
 B = Non-inter-level travel time spent in this place.
 C = Inter-level travel time spent in this place.
 D = Time resting spent in this place.
 E = Time spent auto-exploring this place.
 F = Levels seen in this place.
 G = Mean time per level.
                   A        B        C        D        E       F      G
               +--------+--------+--------+--------+--------+-----+--------+
         Total |   1533 |   1497 |     36 |    324 |    735 |   3 |  511.0 |
       Dungeon |   1457 |   1421 |     36 |    324 |    728 |   2 |  728.5 |
         Abyss |     76 |     76 |      0 |      0 |      7 |   1 |   76.0 |
               +--------+--------+--------+--------+--------+-----+--------+

Top non-repeatable levels by time:
     D:1: 1311 daAuts
     D:2: 145 daAuts
 Abyss:1: 76 daAuts
